AoeStats
← cheneysshotgun

African Clearing

510436023Analyzed
2v2 RM · 2d ago on Oct 1, 2026· 49m 47s· 4 players
Game mode
Random Map
Map size
Medium (4 player)
Population
200
Speed
Normal
Resources
Standard
Victory
Conquest
Starting age
Dark Age
Ending age
Imperial Age
RankedLock teamsTeams togetherTeam positionsShared explorationLock speedFull tech treeHidden civsTurbo modeCheats
Victory
Defeat
🇺🇸 Aztecs · United States
1055
+11
🇺🇸 Magyars · United States
1054
+11
🇨🇱 Wei · Chile
976
-12
🇨🇳 Chinese · China
919
-10
BlackDogChile [VIP*]
8:07 Loom
12:34 Feudal Age
13:05 Double-Bit Axe
13:09 Horse Collar
19:20 Castle Age
21:00 Pikeman
25:10 Fletching
25:33 Town Watch
42:11 Imperial Age
40:36 Wheelbarrow
42:13 Hand Cart
cjf_1
15:17 Feudal Age
15:26 Man-at-Arms
26:21 Castle Age
26:01 Double-Bit Axe
26:52 Padded Archer Armor
27:01 Long Swordsman
29:37 Squires
29:40 Fletching
31:38 Gold Mining
36:21 Horse Collar
42:36 Wheelbarrow
45:34 Imperial Age
43:40 Bodkin Arrow
44:15 Stone Mining
44:38 Bow Saw
44:31 Heavy Plow
44:43 Pikeman
46:18 Leather Archer Armor
46:15 Halberdier
47:23 Conscription
48:27 Arson
cheneysshotgun
4:51 Loom
13:04 Feudal Age
14:06 Double-Bit Axe
19:19 Horse Collar
25:35 Castle Age
23:50 Fletching
24:16 Padded Archer Armor
24:39 Bloodlines
25:40 Elite Skirmisher
27:02 Bow Saw
32:42 Bodkin Arrow
33:26 Thumb Ring
33:50 Heavy Plow
34:20 Ballistics
36:16 Leather Archer Armor
37:38 Wheelbarrow
40:26 Imperial Age
39:14 Husbandry
40:56 Corvinian Army
42:34 Chemistry
41:47 Heavy Cavalry Archer
43:38 Bracer
44:09 Ring Archer Armor
44:05 Corvinian Army
46:17 Scale Barding Armor
46:49 Recurve Bow
47:51 Parthian Tactics
49:10 Conscription
billtoro21
5:29 Loom
15:49 Feudal Age
16:03 Man-at-Arms
16:48 Horse Collar
16:59 Double-Bit Axe
22:38 Fletching
26:32 Castle Age
26:43 Wheelbarrow
29:06 Long Swordsman
30:30 Bow Saw
30:02 Elite Skirmisher
31:56 Wheelbarrow
32:32 Gambesons
32:53 Scale Mail Armor
34:54 Heavy Plow
36:18 Town Watch
37:17 Pikeman
46:36 Imperial Age
45:39 Hand Cart
45:34 Atlatl
48:27 Two-Handed Swordsman
51:11 Chemistry
50:31 Ballistics
Connection lost

Rejoining the realm…

Still unreachable

The connection could not be restored.

Session expired

The server has moved on; the page needs a fresh start.